 Dungeon Sprint DCSS version bcrawl-1.31.4 (webtiles) character file.

Game seed: 17834443860509857419

142816087 MordorOrchid the Petrodigitator (level 24, 204/204 HPs)
             Began as a Fairy Air Elementalist on June 12, 2021.
             Was an Initiate of Gozag.
             Escaped with the Orb
             ... and 17 runes on June 13, 2021!
             The game lasted 02:10:42 (15095 turns).

MordorOrchid the Petrodigitator (FrAE)             Turns: 15095, Time: 02:10:43

Health: 204/204    AC: 18    Str: 14    XL:     24   Next: 57%
Magic:  53/68      EV: 46    Int: 28    God:    Gozag
Gold:   3227       SH: 14    Dex: 19    Spells: 17/77 levels left

rFire    + + .     SeeInvis +   m - staff of power
rCold    + + .     Gourm    .   (shield currently unavailable)
rNeg     + . .     Faith    .   (armour unavailable)
rPois    .         Spirit   .   C - +1 helmet {SInv}
rElec    +         Reflect  +   q - +0 cloak of Reason {rElec rF+ rC+ Str+3}
rCorr    .         Harm     .   S - +0 pair of gloves {Dex+3}
MR       +++..     NoTele   +   r - +0 pair of boots of the Lotus Blossom {rF+ rC+ Regen+ Str+2}
Stlth    +.........             W - amulet "Ulumm" {Reflect Str+3 SH+3}
HPRegen  0.84/turn              B - ring "Qyazxe" {rN+ MR+}
MPRegen  0.41/turn              M - +4 ring of evasion

@: flying evasively
A: small, magic attunement, unstealthy, unfitting armour, thin metallic scales
1, mutation resistance 2, inhibited regeneration, able to fly, AC/SH +11
0: Orb of Zot
}: 17/17 runes: decaying, serpentine, barnacled, slimy, elven, silver, golden,
iron, obsidian, icy, bone, abyssal, glowing, magical, fiery, dark, gossamer
a: Stop Flying, Potion Petition, Call Merchant, Bribe Branch, Renounce Religion


You escaped.
You worshipped Gozag.
Gozag was most pleased with you.
You were not hungry.

You visited 1 branch You collected 32210 gold pieces.
You spent 12724 gold pieces at shops.
You paid 16259 gold pieces to Gozag.

Inventory:

Hand Weapons
 g - a +2 demon trident of venom
 i - the +7 sceptre of Asmodeus
   (You took it off Asmodeus in the Dungeon)
 y - a +9 rapier of venom
 E - the +4 staff of Dispater
   (You took it off Dispater in the Dungeon)
 Z - the +5 lajatang "Murmur" {flame, rC++ rN+}
   (You found it in the Dungeon)

   It has been specially enchanted to surge with flame as it hits, increasing
   damage dealt by approximately one third against foes not resistant or
   susceptible to fire.
   Its heat also prevents any hydra heads it cuts off from regrowing.
   It greatly protects you from cold.
   It protects you from negative energy.
Missiles
 z - 269 poisoned tomahawks (quivered)
 G - 2 throwing nets {=f}
Armour
 a - a +0 medium shield of protection
 q - the +0 cloak of Reason (worn) {rElec rF+ rC+ Str+3}
   (You found it in the Dungeon)

   It affects your strength (+3).
   It protects you from fire.
   It protects you from cold.
   It insulates you from electricity.
 r - the +0 pair of boots of the Lotus Blossom (worn) {rF+ rC+ Regen+ Str+2}
   (You found it in the Dungeon)

   It affects your strength (+2).
   It protects you from fire.
   It protects you from cold.
   It increases your rate of regeneration.
 s - the +0 pair of boots "Daucad" {rElec}
   (You found it in the Dungeon)

   It insulates you from electricity.
 C - a +1 helmet of see invisible (worn)
 S - a +0 pair of gloves of dexterity (worn)
 T - a +2 buckler of poison resistance
Magical Staves
 m - an uncursed staff of power (weapon)
 U - an uncursed staff of air
 V - an uncursed staff of summoning
Jewellery
 B - the ring "Qyazxe" (left hand) {rN+ MR+}
   (You bought it in a shop in the Dungeon)

   [ring of positive energy]

   It protects you from negative energy.
   It affects your resistance to hostile enchantments.
 J - the ring "Kaips" {Ice Dex+2}
   (You found it in the Dungeon)

   [ring of ice]

   It enhances your ice magic.
   It affects your dexterity (+2).
   It makes you vulnerable to fire.
   It protects you from cold.
 K - an uncursed ring of fire
 M - a +4 ring of evasion (right hand)
 N - a +6 ring of dexterity
 O - a +6 ring of intelligence
 P - a +2 ring of slaying
 W - the amulet "Ulumm" (around neck) {Reflect Str+3 SH+3}
   (You found it in the Dungeon)

   [amulet of reflection]

   It shields you and reflects attacks.
   It affects your strength (+3).
   It affects your SH (+3).
 X - the ring "Wupn" {Wiz rPois}
   (You found it in the Dungeon)

   [ring of wizardry]

   It improves your spell success rate.
   It protects you from poison.
 Y - the ring "Ylihe" {MR+ Slay+3 SInv}
   (You found it in the Dungeon)

   [ring of slaying]

   It affects your accuracy and damage with ranged weapons and melee attacks
   (+3).
   It affects your resistance to hostile enchantments.
   It lets you see invisible.
Wands
 n - a wand of flame (14)
 D - a wand of paralysis (12)
Scrolls
 j - 6 scrolls of remove curse
 k - 3 scrolls of amnesia
 l - a scroll of summoning
 u - 4 scrolls of blinking
 v - 6 scrolls of fear
 w - 6 scrolls of fog
 A - 4 scrolls of immolation
 F - 13 scrolls of enchant armour
 R - 2 scrolls of enchant weapon
Potions
 b - a potion of flight
 c - 20 potions of heal wounds
 d - 4 potions of curing
 f - a potion of lignification
 h - 3 potions of berserk rage
 t - 2 potions of might
 H - a potion of ambrosia
 Q - 2 potions of invisibility
Miscellaneous
 o - the horn of Geryon
 p - a lightning rod (4/4)
Comestibles
 e - 15 rations {!d}


   Skills:
 O Level 27 Fighting
 O Level 27 Short Blades
 * Level 12.2(14.0) Polearms
 * Level 13.0(15.1) Staves
 * Level 12.9 Throwing
 O Level 27 Dodging
 + Level 5.5 Stealth
 O Level 27 Shields
 O Level 27 Spellcasting
 O Level 27 Conjurations
 + Level 18.9 Charms
 + Level 24.2 Necromancy
 O Level 27 Translocations
 O Level 27 Fire Magic
 O Level 27 Ice Magic
 O Level 27 Air Magic
 O Level 27 Earth Magic
 O Level 27 Evocations


You had 17 spell levels left.
You knew the following spells:

 Your Spells              Type           Power        Failure   Level  Hunger
a - Shock                 Conj/Air       #####        0%          1    None
f - Lightning Bolt        Conj/Air       ########..   0%          5    None
i - Icicle Burst          Conj/Ice       ########..   0%          7    None
k - Regeneration          Chrm/Necr      ########..   0%          3    None
t - Airstrike             Air            ########..   0%          4    None
v - Death Channel         Chrm/Necr      ########..   0%          6    None
F - Ignition              Fire           ########..   1%          8    None
O - Shatter               Erth           ########..   1%          9    None
T - Chain Lightning       Conj/Air       ########..   1%          8    None
W - Swiftness             Chrm/Air       ########     0%          2    None
X - Controlled Blink      Tloc           ########     0%          7    None

Your spell library contained the following spells:

 Spells                   Type           Power        Failure   Level  Hunger
 Beckoning                Tloc           ########..   0%          3    None
 Portal Projectile        Tloc           ######       0%          3    None
 Recall                   Summ/Tloc      N/A          0%          3    None
 Static Discharge         Air            ########     0%          3    None
 Animate Dead             Necr           N/A          0%          4    None
 Force Lance              Tloc           ########     0%          4    None
 Dispel Undead            Necr           ########     0%          5    None
 Dispersal                Tloc           ########..   0%          6    None
 Simulacrum               Ice/Necr       ########..   0%          6    None
 Tornado                  Air            ########..   1%          9    None


Dungeon Overview and Level Annotations

Branches:
Dungeon (1/1)

Altars:
Cheibriados
Dithmenos
Elyvilon
Fedhas
Gozag
Hepliaklqana
Kikubaaqudgha
Lugonu
Makhleb
Nemelex Xobeh
Okawaru
Qazlal
Ru
Sif Muna
Trog
Uskayaw
Vehumet
Wu Jian
Xom
Yredelemnul
Zin
The Shining One
Beogh
Jiyva

Shops:
D **!%%(![*[}(**?*!!%?*:****


Innate Abilities, Weirdness & Mutations

Your spells do not cause hunger and MP costs are reduced by 1.
Your bright wings attract enemies. (Stealth-)
You cannot fit into any form of body armour.
Your shimmering scales are hard and can block incoming attacks. (AC +11, SH +11)
You are small and have problems with some larger weapons.
You can fly continuously.
You are partially covered in thin metallic scales. (AC +2)
You are somewhat resistant to both further mutation and mutation removal.
You do not regenerate when monsters are visible.


Message History

The burst of ice shards hits Toxaazoe!! x2
The burst of ice shards hits Toxaazoe! x2
The burst of ice shards hits Toxaazoe!!
The burst of ice shards hits Toxaazoe!
You kill Toxaazoe!
You block the small abomination's attack.
Your base Polearms skill increases to level 12!
Your base Staves skill increases to level 13!
Casting: Icicle Burst (safe; 0% risk of failure)
Confirm with . or Enter, or press ? or * to list all spells.
Aiming: Icicle Burst (safe; 0% risk of failure)
Press: ? - help, Shift-Dir - straight line, f - small abomination
Aim: a small abomination The burst of ice shards hits the small abomination! x2
The burst of ice shards hits the small abomination!!
You destroy the small abomination!
You now have 3160 gold pieces (gained 54).
There is an open door to the Dungeon here.
You now have 3227 gold pieces (gained 67).
There is a staircase leading out of the dungeon here.
You have escaped!

[[[')............▓
▓▓▓▓▓▓▓▓▓▓▓▓▓▓▓▓.▓
.................▓
▓▓▓▓▓▓▓▓▓▓▓▓▓▓▓▓▓▓
.........'.......▓
▓▓▓▓▓▓▓▓▓▓▓▓▓▓▓▓.▓
.................▓
▓▓▓▓▓▓▓▓▓▓▓▓▓▓▓▓▓▓
'.....'.))..'...@▓
▓▓▓▓▓▓▓▓▓▓▓▓▓▓▓▓▓▓


There were no monsters in sight!

Vanquished Creatures
  Asmodeus (D)
  Cerebov (D)
  Dispater (D)
  Antaeus (D)
  Ereshkigal (D)
  Gloorx Vloq (D)
  the Royal Jelly (D)
  Lom Lobon (D)
  Mnoleg (D)
  A juggernaut (D)
  4 orbs of fire (D)
  Mennas (D)
  6 ancient liches (D)
  3 greater mummies (D)
  4 golden dragons (D)
  Margery (D)
  Saint Roka (D)
  Frederick (D)
  A curse toe (D)
  Geryon (D)
  Jory (D)
  5 pandemonium lords (D)
  A profane servitor (D)
  A Shadow Fiend (D)
  A Brimstone Fiend (D)
  Nikola (D)
  2 electric golems (D)
  2 liches (D)
  5 tentacled monstrosities (D)
  An Ice Fiend (D)
  32 Orb Guardians (D)
  3 deep elf master archers (D)
  2 quicksilver dragons (D)
  13 acid blobs (D)
  2 Executioners (D)
  A death cob (D)
  8 shadow dragons (D)
  Frances (D)
  12 sphinxes (D)
  A thorn hunter (D)
  4 storm dragons (D)
  Agnes (D)
  A tengu reaver (D)
  Ilsuiw (D)
  8 nagarajas (D)
  A draconian monk (D)
  4 draconian knights (D)
  5 azure jellies (D)
  A frost giant (D)
  3 ghost moths (D)
  Louise (D)
  2 balrugs (D)
  5 emperor scorpions (D)
  A draconian scorcher (D)
  3 draconian stormcallers (D)
  A deep elf sorcerer (D)
  2 reapers (D)
  3 ironheart preservers (D)
  10 stone giants (D)
  2 draconian annihilators (D)
  7 vampire knights (D)
  2 very ugly things (D)
  A green draconian (D)
  2 lorocyprocas (D)
  3 red draconians (D)
  3 black draconians (D)
  2 yellow draconians (D)
  Nessos (D)
  A black sun (D)
  A spark wasp (D)
  4 deep elf annihilators (D)
  An entropy weaver (D)
  A white draconian (D)
  4 deep elf death magi (D)
  Azrael (D)
  4 purple draconians (D)
  2 blizzard demons (D)
  3 merfolk javelineers (D)
  5 merfolk impalers (D)
  7 mummy priests (D)
  3 yaktaur captains (D)
  8 fire dragons (D)
  A green death (D)
  3 ice dragons (D)
  2 deep elf high priests (D)
  A monstrous demonspawn (D)
  25 vault guards (D)
  Psyche (D)
  2 naga warriors (D)
  A rakshasa (D)
  A death knight (D)
  4 hydras (D)
  2 hell beasts (D)
  3 ogre magi (D)
  An anaconda (D)
  2 centaur warriors (D)
  2 merfolk avatars (D)
  2 merfolk aquamancers (D)
  A great orb of eyes (D)
  A two-headed ogre (D)
  2 deep troll shamans (D)
  2 alligators (D)
  2 tengu warriors (D)
  9 death oozes (D)
  A death yak (D)
  4 hell hogs (D)
  A sea snake (D)
  3 thrashing horrors (D)
  4 orc high priests (D)
  2 shock serpents (D)
  2 naga sharpshooters (D)
  A sun demon (D)
  2 soul eaters (D)
  A goliath frog (D)
  Nergalle (D)
  A sixfirhy (D)
  An infernal demonspawn (D)
  3 hell knights (D)
  6 swamp dragons (D)
  2 shadow demons (D)
  2 cyclopes (D)
  2 wizards (D)
  3 orc knights (D)
  A spriggan druid (D)
  3 ironheart convokers (D)
  An orange crystal statue (D)
  3 necromancers (D)
  3 orc sorcerers (D)
  A wolf spider (D)
  3 deep elf magi (D)
  An orb spider (D)
  An orb spider (shapeshifter) (D)
  A manticore (D)
  11 moths of wrath (D)
  A guardian serpent (D)
  3 black mambas (D)
  2 naga magi (D)
  A merfolk siren (D)
  2 rust devils (D)
  2 water nymphs (D)
  3 cane toads (D)
  A smoke demon (D)
  3 orange demons (D)
  A rime drake (D)
  An efreet (D)
  5 freezing wraiths (D)
  3 demonic crawlers (D)
  2 komodo dragons (D)
  5 yaktaurs (D)
  18 guardian mummies (D)
  4 red devils (D)
  3 ice devils (D)
  A wandering mushroom (D)
  A hellwing (D)
  3 merfolk (D)
  A tyrant leech (D)
  3 jumping spiders (D)
  A queen bee (shapeshifter) (D)
  4 slime creatures (D)
  6 large abominations (D)
  A blink frog (D)
  A raiju (D)
  A bog body (D)
  A flying skull (D)
  2 redbacks (D)
  A ynoxinul (D)
  11 spriggans (D)
  A water elemental (D)
  A wraith (D)
  4 yaks (D)
  A steam dragon (D)
  Eustachio (D)
  A chaos spawn (D)
  3 golden eyes (D)
  A neqoxec (D)
  A basilisk (D)
  A vampire mosquito (D)
  A crocodile (D)
  6 wargs (D)
  2 nagas (D)
  8 hell hounds (D)
  2 porcupines (D)
  4 small abominations (D)
  3 water moccasins (D)
  2 floating eyes (D)
  A soldier ant (shapeshifter) (D)
  3 swamp drakes (D)
  10 orc warriors (D)
  3 wolves (D)
  2 boggarts (D)
  A centaur (D)
  An ogre (D)
  A scorpion (D)
  12 orc priests (D)
  An iguana (D)
  2 orc wizards (D)
  2 worker ants (D)
  An adder (D)
  A shadow imp (D)
  An adder zombie (D)
  A dart slug (D)
  An adder simulacrum (D)
  10 orcs (D)
  A bat skeleton (D)
  A goblin (D)
  2 hobgoblins (D)
  A kobold (D)
  A quokka (D)
  A ball python skeleton (D)
  A quokka skeleton (D)
  A rat (D)
  7 ball lightnings (D)
  A fire vortex (D)
606 creatures vanquished.

Vanquished Creatures (collateral kills)
  2 golden dragons (D)
  A tengu reaver (D)
  A fire dragon (D)
  A deep elf mage (D)
  A redback (shapeshifter) (D)
  A tarantella (shapeshifter) (D)
7 creatures vanquished.

Vanquished Creatures (others)
  A deep elf blademaster (D)
  A dancing weapon (D)
  2 ball lightnings (D)
4 creatures vanquished.

Grand Total: 617 creatures vanquished

Notes
Turn   | Place    | Note
-------+----------+-------------------------------------------
     0 | D        | MordorOrchid the Fairy Air Elementalist began the quest for
                  | the Orb.
     0 | D        | Reached XP level 1. HP: 11/11 MP: 6/6
    61 | D        | Noticed a scorpion
    61 | D        | Noticed a worker ant
    63 | D        | Reached skill level 1 in Fighting
    63 | D        | Reached XP level 2. HP: 18/18 MP: 6/8
    68 | D        | Reached skill level 5 in Air Magic
    68 | D        | Reached XP level 3. HP: 17/24 MP: 7/11
    70 | D        | Killed a scorpion
    71 | D        | Reached skill level 5 in Dodging
    71 | D        | Reached skill level 5 in Spellcasting
    71 | D        | Reached XP level 4. HP: 21/30 MP: 7/13
    77 | D        | Found a roughly hewn altar of Beogh.
    77 | D        | Found a snail-covered altar of Cheibriados.
    77 | D        | Found a shadowy altar of Dithmenos.
    77 | D        | Found a white marble altar of Elyvilon.
    77 | D        | Found a blossoming altar of Fedhas.
    77 | D        | Found an opulent altar of Gozag.
    78 | D        | Found a hazy altar of Hepliaklqana.
    79 | D        | Found a viscous altar of Jiyva.
    80 | D        | Found an ancient bone altar of Kikubaaqudgha.
    81 | D        | Found a corrupted altar of Lugonu.
    82 | D        | Found a burning altar of Makhleb.
    83 | D        | Found a sparkling altar of Nemelex Xobeh.
    84 | D        | Found an iron altar of Okawaru.
    85 | D        | Became a worshipper of Gozag Ym Sagoz the Greedy
    86 | D        | Found a stormy altar of Qazlal.
    87 | D        | Found a sacrificial altar of Ru.
    88 | D        | Found a shimmering blue altar of Sif Muna.
    89 | D        | Found a bloodstained altar of Trog.
    90 | D        | Found a hide-covered altar of Uskayaw.
    91 | D        | Found a radiant altar of Vehumet.
    92 | D        | Found an ornate altar of the Wu Jian Council.
    93 | D        | Found a shimmering altar of Xom.
    94 | D        | Found a basalt altar of Yredelemnul.
    95 | D        | Found a glowing silver altar of Zin.
    96 | D        | Found a glowing golden altar of the Shining One.
   148 | D        | Learned a level 4 spell: Airstrike
   236 | D        | Noticed a yak
   236 | D        | Noticed a wraith
   236 | D        | Noticed a steam dragon
   244 | D        | Killed a steam dragon
   244 | D        | HP: 1/30 [something (11)]
   245 | D        | Reached XP level 5. HP: 2/36 MP: 15/15
   245 | D        | Reached XP level 6. HP: 2/41 MP: 16/16
   251 | D        | Killed a yak
   252 | D        | Reached skill level 5 in Conjurations
   253 | D        | Killed a wraith
   254 | D        | Reached XP level 7. HP: 26/48 MP: 16/20
   265 | D        | Noticed an efreet
   265 | D        | Noticed a centaur warrior
   265 | D        | Noticed a two-headed ogre
   272 | D        | Killed an efreet
   273 | D        | Reached skill level 5 in Fighting
   273 | D        | Reached skill level 10 in Air Magic
   273 | D        | Reached XP level 8. HP: 29/55 MP: 19/23
   273 | D        | Killed a two-headed ogre
   273 | D        | Killed a centaur warrior
   274 | D        | Reached XP level 9. HP: 33/63 MP: 19/27
   410 | D        | Learned a level 5 spell: Lightning Bolt
   410 | D        | Noticed a komodo dragon
   410 | D        | Noticed a black mamba
   411 | D        | Killed a black mamba
   411 | D        | Noticed a cane toad
   412 | D        | Reached skill level 1 in Short Blades
   413 | D        | Reached skill level 10 in Dodging
   418 | D        | Noticed a komodo dragon
   422 | D        | Killed a komodo dragon
   424 | D        | Reached XP level 10. HP: 45/71 MP: 10/29
   425 | D        | Killed a cane toad
   426 | D        | Reached skill level 10 in Conjurations
   554 | D        | Noticed a cane toad
   555 | D        | Noticed a death yak
   556 | D        | Killed a cane toad
   561 | D        | Killed a death yak
   638 | D        | Reached skill level 15 in Spellcasting
   640 | D        | Reached skill level 5 in Short Blades
   641 | D        | Reached XP level 11. HP: 78/78 MP: 27/32
   766 | D        | Noticed an orc sorcerer
   769 | D        | Killed an orc sorcerer
   854 | D        | Noticed an orc sorcerer
   854 | D        | Noticed an orc knight
   868 | D        | Killed an orc knight
   872 | D        | Noticed a sun demon
   872 | D        | Killed an orc sorcerer
   872 | D        | Noticed an orc knight
   873 | D        | Reached skill level 15 in Air Magic
   877 | D        | Killed an orc knight
  1006 | D        | Found Ketir's Gadget Boutique.
  1006 | D        | Noticed an orc high priest
  1006 | D        | Noticed an orc high priest
  1008 | D        | Killed an orc high priest
  1014 | D        | Killed an orc high priest
  1014 | D        | Noticed an orc high priest
  1053 | D        | Killed an orc high priest
  1105 | D        | Noticed an orc high priest
  1113 | D        | Killed an orc high priest
  1198 | D        | Found Gamiddesk's Armour Shop.
  1202 | D        | Found Ekujukk's General Store.
  1210 | D        | Found Iguf's Antique Armour Shop.
  1220 | D        | Bought a scroll of immolation for 38 gold pieces
  1238 | D        | Bought a shiny helmet for 210 gold pieces
  1238 | D        | Bought a glowing helmet for 210 gold pieces
  1266 | D        | Bought a lightning rod (4/4) for 480 gold pieces
  1270 | D        | Bought the ring "Qyazxe" {rN+ MR+} for 358 gold pieces
  1270 | D        | Bought a potion of invisibility for 88 gold pieces
  1270 | D        | Bought 2 potions of haste for 220 gold pieces
  1270 | D        | Bought a potion of curing for 27 gold pieces
  1270 | D        | Bought a scroll of amnesia for 38 gold pieces
  1270 | D        | Bought a scroll of enchant armour for 82 gold pieces
  1286 | D        | Bought a phantom mirror for 240 gold pieces
  1313 | D        | Noticed Eustachio
  1316 | D        | Killed Eustachio
  1335 | D        | Noticed Psyche
  1340 | D        | Killed Psyche
  1485 | D        | Got the ring "Kaips" {Ice Dex+2}
  1526 | D        | Bought a book of the Tempests for 1190 gold pieces
  1526 | D        | Bought a scroll of blinking for 127 gold pieces
  1526 | D        | Bought a scroll of identify for 34 gold pieces
  1526 | D        | Bought a ration for 85 gold pieces
  1535 | D        | Learned a level 8 spell: Ignition
  1535 | D        | Noticed a centaur warrior
  1535 | D        | Noticed an orc knight
  1538 | D        | Reached skill level 1 in Fire Magic
  1538 | D        | Reached XP level 12. HP: 86/86 MP: 35/35
  1543 | D        | Reached skill level 5 in Fire Magic
  1543 | D        | Killed a centaur warrior
  1543 | D        | Noticed a tengu warrior
  1545 | D        | Noticed a fire dragon
  1546 | D        | Killed a tengu warrior
  1547 | D        | Reached skill level 10 in Fire Magic
  1598 | D        | Killed a fire dragon
  1697 | D        | Noticed a deep troll shaman
  1700 | D        | Killed a deep troll shaman
  1705 | D        | Noticed a stone giant
  1705 | D        | Noticed a stone giant
  1744 | D        | Killed a stone giant
  1748 | D        | Killed a stone giant
  1885 | D        | Reached skill level 15 in Fire Magic
  1997 | D        | Noticed Nessos
  2001 | D        | Killed Nessos
  2041 | D        | Noticed a merfolk javelineer
  2047 | D        | Killed a merfolk javelineer
  2048 | D        | Reached XP level 13. HP: 90/90 MP: 24/36
  2134 | D        | Noticed an entropy weaver
  2136 | D        | Killed an entropy weaver
  2136 | D        | Noticed a spark wasp
  2141 | D        | Killed a spark wasp
  2376 | D        | Learned a level 2 spell: Swiftness
  2377 | D        | Noticed a thorn hunter
  2381 | D        | Killed a thorn hunter
  2466 | D        | Noticed a nagaraja
  2470 | D        | Killed a nagaraja
  2662 | D        | Noticed Saint Roka
  2664 | D        | Reached XP level 14. HP: 95/98 MP: 38/38
  2671 | D        | Noticed Frances
  2689 | D        | Killed Saint Roka
  2690 | D        | Reached skill level 10 in Fighting
  2790 | D        | Learned a level 9 spell: Shatter
  2965 | D        | Killed Frances
  3079 | D        | Noticed a stone giant
  3081 | D        | Killed a stone giant
  3083 | D        | Noticed a tentacled monstrosity
  3086 | D        | Noticed a white very ugly thing
  3096 | D        | Reached skill level 15 in Dodging
  3096 | D        | Reached skill level 5 in Earth Magic
  3109 | D        | Killed a white very ugly thing
  3266 | D        | Noticed a stone giant
  3272 | D        | Killed a stone giant
  3368 | D        | Noticed a frost giant
  3368 | D        | Noticed a stone giant
  3373 | D        | Killed a frost giant
  3373 | D        | Killed a stone giant
  3483 | D        | Killed a tentacled monstrosity
  3484 | D        | Reached skill level 10 in Earth Magic
  3614 | D        | Reached XP level 15. HP: 38/108 MP: 17/42
  3769 | D        | Reached skill level 15 in Earth Magic
  4087 | D        | Got the +0 pair of boots of the Lotus Blossom {rF+ rC+
                  | Regen+ Str+2}
  4099 | D        | Got the +0 pair of boots "Daucad" {rElec}
  4140 | D        | Learned a level 7 spell: Icicle Burst
  4170 | D        | Noticed Mennas
  4255 | D        | Killed Mennas
  4373 | D        | Bought a ration for 65 gold pieces
  4373 | D        | Bought a ration for 65 gold pieces
  4373 | D        | Bought a ration for 65 gold pieces
  4373 | D        | Bought a ration for 65 gold pieces
  4373 | D        | Bought a ration for 65 gold pieces
  4373 | D        | Bought a ration for 65 gold pieces
  4373 | D        | Bought a ration for 65 gold pieces
  4375 | D        | Bought a ration for 65 gold pieces
  4375 | D        | Bought a ration for 65 gold pieces
  4375 | D        | Bought a ration for 65 gold pieces
  4375 | D        | Bought a ration for 65 gold pieces
  4375 | D        | Bought a ration for 65 gold pieces
  4375 | D        | Bought a ration for 65 gold pieces
  4375 | D        | Bought a ration for 65 gold pieces
  4375 | D        | Bought a ration for 65 gold pieces
  4375 | D        | Bought a ration for 65 gold pieces
  4375 | D        | Bought a ration for 65 gold pieces
  4375 | D        | Bought a ration for 65 gold pieces
  4375 | D        | Bought a ration for 65 gold pieces
  4375 | D        | Bought a ration for 65 gold pieces
  4375 | D        | Bought a ration for 65 gold pieces
  4375 | D        | Bought a ration for 65 gold pieces
  4375 | D        | Bought a ration for 65 gold pieces
  4410 | D        | Noticed Nergalle
  4414 | D        | Killed Nergalle
  4416 | D        | Noticed Jory
  4430 | D        | Killed Jory
  4489 | D        | Noticed Nikola
  4497 | D        | Killed Nikola
  4565 | D        | Noticed an emperor scorpion
  4565 | D        | Noticed an emperor scorpion
  4565 | D        | Noticed an emperor scorpion
  4567 | D        | Noticed a ghost moth
  4571 | D        | Killed an emperor scorpion
  4573 | D        | Killed a ghost moth
  4574 | D        | Killed an emperor scorpion
  4574 | D        | Noticed a ghost moth
  4576 | D        | Killed an emperor scorpion
  4579 | D        | Noticed an emperor scorpion
  4583 | D        | Killed a ghost moth
  4677 | D        | Killed an emperor scorpion
  4734 | D        | Noticed an emperor scorpion
  4808 | D        | Killed an emperor scorpion
  4926 | D        | Got a gossamer rune of Zot
  4937 | D        | Reached XP level 16. HP: 114/114 MP: 40/43
  5022 | D        | Got a decaying rune of Zot
  5032 | D        | Noticed a nagaraja
  5032 | D        | Noticed a nagaraja
  5032 | D        | Noticed a nagaraja
  5035 | D        | Killed a nagaraja
  5035 | D        | Killed a nagaraja
  5035 | D        | Killed a nagaraja
  5035 | D        | Noticed a nagaraja
  5036 | D        | Reached skill level 27 in Earth Magic
  5037 | D        | Killed a nagaraja
  5045 | D        | Noticed a nagaraja
  5050 | D        | Killed a nagaraja
  5058 | D        | Noticed a nagaraja
  5062 | D        | Killed a nagaraja
  5063 | D        | Reached skill level 5 in Ice Magic
  5131 | D        | Noticed a nagaraja
  5137 | D        | Killed a nagaraja
  5158 | D        | Got a serpentine rune of Zot
  5169 | D        | Noticed Ilsuiw
  5176 | D        | Killed Ilsuiw
  5349 | D        | Got a barnacled rune of Zot
  5367 | D        | Bought a ration for 90 gold pieces
  5367 | D        | Bought a book of Unlife for 1170 gold pieces
  5367 | D        | Bought a scroll of immolation for 63 gold pieces
  5367 | D        | Bought a wand of paralysis (12) for 234 gold pieces
  5371 | D        | Learned a level 3 spell: Regeneration
  5378 | D        | Learned a level 6 spell: Death Channel
  5381 | D        | Noticed Margery
  5384 | D        | Reached skill level 1 in Shields
  5384 | D        | Reached skill level 1 in Charms
  5384 | D        | Reached skill level 1 in Necromancy
  5385 | D        | Killed Margery
  5587 | D        | Reached skill level 5 in Shields
  5588 | D        | Reached skill level 10 in Ice Magic
  5588 | D        | Reached XP level 17. HP: 124/124 MP: 29/49
  5691 | D        | Reached skill level 5 in Necromancy
  5747 | D        | Reached skill level 10 in Evocations
  5848 | D        | Reached skill level 27 in Spellcasting
  5991 | D        | Noticed a quicksilver dragon
  5991 | D        | Noticed a juggernaut
  5998 | D        | Killed a juggernaut
  5998 | D        | Killed a quicksilver dragon
  5999 | D        | Reached skill level 15 in Fighting
  5999 | D        | Reached skill level 10 in Shields
  6241 | D        | Reached skill level 10 in Necromancy
  6414 | D        | Reached skill level 15 in Ice Magic
  6420 | D        | Noticed an ancient lich
  6473 | D        | Killed an ancient lich
  6587 | D        | Got a silver rune of Zot
  6633 | D        | Noticed Azrael
  6637 | D        | Killed Azrael
  6729 | D        | Got the amulet "Ulumm" {Reflect Str+3 SH+3}
  6732 | D        | Got the ring "Wupn" {Wiz rPois}
  6734 | D        | Got the ring "Ytouj" {Ice *Contam Str+6}
  6737 | D        | Got the ring "Ylihe" {MR+ Slay+3 SInv}
  6739 | D        | Got the ring of Dinwech {+Inv rPois rCorr Dex-2}
  6748 | D        | Got the +5 broad axe of Responsibility {chop, MR- Int+2
                  | Dex+6}
  6754 | D        | Got the +5 lajatang "Murmur" {flame, rC++ rN+}
  6770 | D        | Got the +0 cloak of Reason {rElec rF+ rC+ Str+3}
  6841 | D        | Noticed Louise
  6843 | D        | Noticed Frederick
  6845 | D        | Killed Louise
  6846 | D        | Reached XP level 18. HP: 137/137 MP: 35/51
  6861 | D        | Killed Frederick
  6976 | D        | Noticed Agnes
  6980 | D        | Killed Agnes
  7019 | D        | Bought a +4 blowgun for 367 gold pieces
  7019 | D        | Bought a ration for 75 gold pieces
  7019 | D        | Bought a potion of heal wounds for 75 gold pieces
  7019 | D        | Bought a ration for 75 gold pieces
  7019 | D        | Bought a scroll of immolation for 52 gold pieces
  7031 | D        | Learned a level 8 spell: Chain Lightning
  7043 | D        | Noticed a golden dragon
  7071 | D        | Killed a golden dragon
  7181 | D        | Noticed a golden dragon
  7181 | D        | Noticed a golden dragon
  7181 | D        | Noticed a golden dragon
  7191 | D        | Killed a golden dragon
  7198 | D        | Killed a golden dragon
  7199 | D        | Reached skill level 15 in Conjurations
  7199 | D        | Reached skill level 15 in Evocations
  7205 | D        | Killed a golden dragon
  7367 | D        | Noticed a golden dragon
  7378 | D        | Killed a golden dragon
  7492 | D        | Reached skill level 15 in Necromancy
  7545 | D        | Noticed a tentacled monstrosity
  7549 | D        | Killed a tentacled monstrosity
  7594 | D        | Noticed a curse toe
  7654 | D        | Killed a curse toe
  7747 | D        | Reached XP level 19. HP: 148/148 MP: 48/52
  7858 | D        | Bought a scroll of blinking for 127 gold pieces
  7858 | D        | Bought a scroll of immolation for 59 gold pieces
  7858 | D        | Bought 2 scrolls of enchant armour for 255 gold pieces
  7862 | D        | Bought a potion of magic for 100 gold pieces
  7870 | D        | Bought a scroll of acquirement for 988 gold pieces
  7870 | D        | Identified the +2 helmet of Crawling {rC+ Dex-5 SInv
                  | Stlth+} (You acquired it in the Dungeon)
  7870 | D        | Identified the amulet "Doof Qax" {Gourm rN+ Dex+6} (You
                  | acquired it in the Dungeon)
  7870 | D        | Identified Igerchey's Volume of Feathery Protection (You
                  | acquired it in the Dungeon)
  7885 | D        | Noticed a golden dragon
  7932 | D        | Killed a golden dragon
  8075 | D        | Got the +5 lajatang "Vayt Bae" {slice, rC+}
  8302 | D        | Noticed an Orb Guardian
  8329 | D        | Killed an Orb Guardian
  8480 | D        | Noticed an Orb Guardian
  8480 | D        | Noticed an Orb Guardian
  8480 | D        | Noticed an Orb Guardian
  8480 | D        | Noticed an Orb Guardian
  8480 | D        | Noticed an Orb Guardian
  8480 | D        | Noticed an Orb Guardian
  8482 | D        | Killed an Orb Guardian
  8482 | D        | Killed an Orb Guardian
  8482 | D        | Killed an Orb Guardian
  8482 | D        | Killed an Orb Guardian
  8482 | D        | Killed an Orb Guardian
  8482 | D        | Killed an Orb Guardian
  8482 | D        | Noticed an Orb Guardian
  8483 | D        | Noticed an Orb Guardian
  8484 | D        | Noticed an Orb Guardian
  8485 | D        | Noticed an Orb Guardian
  8486 | D        | Killed an Orb Guardian
  8487 | D        | Killed an Orb Guardian
  8487 | D        | Killed an Orb Guardian
  8487 | D        | Killed an Orb Guardian
  8546 | D        | Bought a scroll of blinking for 127 gold pieces
  8556 | D        | Learned a level 3 spell: Recall
  8561 | D        | Noticed a tentacled monstrosity
  8561 | D        | Noticed an Orb Guardian
  8561 | D        | Noticed an Orb Guardian
  8563 | D        | Killed an Orb Guardian
  8564 | D        | Killed an Orb Guardian
  8564 | D        | Noticed an Orb Guardian
  8565 | D        | Reached skill level 10 in Translocations
  8566 | D        | Noticed an Orb Guardian
  8567 | D        | Killed an Orb Guardian
  8567 | D        | Killed a tentacled monstrosity
  8569 | D        | Killed an Orb Guardian
  8683 | D        | Bought a book of the Warp for 1710 gold pieces
  8691 | D        | Learned a level 7 spell: Controlled Blink
  8708 | D        | Noticed an ancient lich
  8710 | D        | Noticed an electric golem
  8710 | D        | Noticed an orb of fire
  8712 | D        | Killed an ancient lich
  8713 | D        | Reached skill level 27 in Fire Magic
  8713 | D        | Reached XP level 20. HP: 160/160 MP: 39/53
  8721 | D        | Killed an electric golem
  8722 | D        | Reached skill level 27 in Dodging
  8728 | D        | Gained mutation: Scrolls take you a little longer to read.
                  | [an orb of fire]
  8733 | D        | Killed an orb of fire
  8739 | D        | Lost mutation: Scrolls take you a little longer to read.
                  | [potion of mutation]
  8739 | D        | Gained mutation: You have sharp toenails. [potion of
                  | mutation]
  8739 | D        | Gained mutation: You are partially covered in icy blue
                  | scales. (AC +2) [potion of mutation]
  8837 | D        | Noticed an orb of fire
  8837 | D        | Noticed an electric golem
  8837 | D        | Noticed an orb of fire
  8841 | D        | Noticed an orb of fire
  8845 | D        | Killed an electric golem
  8849 | D        | Gained mutation: You are clumsy. (Dex -2) [an orb of fire]
  8991 | D        | Killed an orb of fire
  9091 | D        | Gained mutation: Potions are less effective at restoring
                  | your health. [an orb of fire]
  9093 | D        | Gained mutation: You do not regenerate when monsters are
                  | visible. [an orb of fire]
  9095 | D        | Killed an orb of fire
  9244 | D        | Gained mutation: You are weak. (Str -2) [an orb of fire]
  9365 | D        | Killed an orb of fire
  9366 | D        | Reached skill level 27 in Fighting
  9492 | D        | Noticed an ancient lich
  9495 | D        | Killed an ancient lich
  9556 | D        | Noticed an ancient lich
  9558 | D        | Killed an ancient lich
  9616 | D        | Reached XP level 21. HP: 183/183 MP: 39/54
  9841 | D        | Noticed an ancient lich
  9843 | D        | Killed an ancient lich
  9848 | D        | Noticed an ancient lich
  9850 | D        | Killed an ancient lich
  9979 | D        | Reached skill level 27 in Ice Magic
  9991 | D        | Reached skill level 27 in Conjurations
 10012 | D        | Got an elven rune of Zot
 10067 | D        | Reached skill level 27 in Translocations
 10111 | D        | Noticed the Royal Jelly
 10119 | D        | Reached skill level 10 in Short Blades
 10124 | D        | Killed the Royal Jelly
 10125 | D        | Reached XP level 22. HP: 121/190 MP: 1/55
 10364 | D        | Got a slimy rune of Zot
 10471 | D        | Bought a scroll labeled WUBAIKH IXKA for 37 gold pieces
 10471 | D        | Bought a sharpened glass wand for 148 gold pieces
 10471 | D        | Bought a shiny iron ring for 185 gold pieces
 10476 | D        | Reached skill level 15 in Short Blades
 10476 | D        | Reached skill level 27 in Evocations
 10480 | D        | Paralysed by a sphinx for 2 turns
 10796 | D        | Noticed a greater mummy
 10796 | D        | Noticed a greater mummy
 10796 | D        | Noticed a greater mummy
 10799 | D        | Killed a greater mummy
 10799 | D        | Killed a greater mummy
 10800 | D        | Killed a greater mummy
 11150 | D        | Got a golden rune of Zot
 11174 | D        | Got an abyssal rune of Zot
 11190 | D        | Bought a potion of degeneration for 18 gold pieces
 11193 | D        | Bought a scroll of fog for 28 gold pieces
 11193 | D        | Bought a potion of mutation for 112 gold pieces
 11203 | D        | Bought a potion of magic for 90 gold pieces
 11203 | D        | Bought a potion of haste for 180 gold pieces
 11203 | D        | Bought a potion of magic for 90 gold pieces
 11203 | D        | Bought a potion of lignification for 54 gold pieces
 11203 | D        | Bought a potion of heal wounds for 90 gold pieces
 11325 | D        | Noticed Geryon
 11328 | D        | Killed Geryon
 11351 | D        | Identified the +7 sceptre of Asmodeus
 11351 | D        | Noticed Asmodeus
 11351 | D        | Noticed Antaeus
 11352 | D        | Identified the +6 sword of Cerebov {flame}
 11352 | D        | Noticed Cerebov
 11363 | D        | Killed Asmodeus
 11364 | D        | Reached skill level 27 in Short Blades
 11364 | D        | Reached skill level 15 in Shields
 11364 | D        | Reached XP level 23. HP: 160/195 MP: 33/56
 11370 | D        | Killed Antaeus
 11372 | D        | Noticed Lom Lobon
 11580 | D        | Killed Cerebov
 11581 | D        | Reached skill level 5 in Stealth
 11581 | D        | Reached skill level 10 in Charms
 11791 | D        | Noticed Ereshkigal
 11953 | D        | Killed Lom Lobon
 12160 | D        | Bought 2 potions of haste for 740 gold pieces
 12319 | D        | Killed Ereshkigal
 12320 | D        | Reached skill level 27 in Air Magic
 12359 | D        | Noticed Gloorx Vloq
 12505 | D        | Killed Gloorx Vloq
 12560 | D        | Got an icy rune of Zot
 12564 | D        | Noticed Mnoleg
 12574 | D        | Killed Mnoleg
 12609 | D        | Got an obsidian rune of Zot
 12613 | D        | Got a fiery rune of Zot
 12617 | D        | Got a magical rune of Zot
 12618 | D        | Identified the +4 staff of Dispater
 12618 | D        | Noticed Dispater
 12687 | D        | Killed Dispater
 12688 | D        | Reached skill level 27 in Shields
 12742 | D        | Got a bone rune of Zot
 12746 | D        | Got a dark rune of Zot
 12750 | D        | Got an iron rune of Zot
 12754 | D        | Got a glowing rune of Zot
 12897 | D        | Bought 2 potions of invisibility for 288 gold pieces
 12898 | D        | Bought a ration for 55 gold pieces
 13170 | D        | Got the Orb of Zot
 13341 | D        | Bought a ration for 60 gold pieces
 13341 | D        | Bought a ration for 60 gold pieces
 13383 | D        | Reached skill level 15 in Charms
 13415 | D        | Lost mutation: You are clumsy. (Dex -2) [potion of
                  | mutation]
 13415 | D        | Lost mutation: Potions are less effective at restoring your
                  | health. [potion of mutation]
 13415 | D        | Lost mutation: You are partially covered in icy blue
                  | scales. (AC +2) [potion of mutation]
 13415 | D        | Lost mutation: You have sharp toenails. [potion of
                  | mutation]
 13415 | D        | Gained mutation: You possess an exceptional clarity of
                  | mind. [potion of mutation]
 13415 | D        | Gained mutation: Your body sometimes deteriorates upon
                  | taking damage. [potion of mutation]
 13415 | D        | Gained mutation: You are partially covered in thin metallic
                  | scales. (AC +2) [potion of mutation]
 13416 | D        | Lost mutation: You are weak. (Str -2) [potion of mutation]
 13416 | D        | Lost mutation: Your body sometimes deteriorates upon taking
                  | damage. [potion of mutation]
 13416 | D        | Lost mutation: You possess an exceptional clarity of mind.
                  | [potion of mutation]
 13416 | D        | Gained mutation: You are somewhat resistant to further
                  | mutation. [potion of mutation]
 13416 | D        | Gained mutation: You are somewhat resistant to both further
                  | mutation and mutation removal. [potion of mutation]
 13448 | D        | Reached skill level 1 in Staves
 13448 | D        | Reached skill level 1 in Throwing
 13451 | D        | Reached skill level 1 in Polearms
 13566 | D        | Noticed Niate the pandemonium lord
 13570 | D        | Killed Niate the pandemonium lord
 13571 | D        | Reached XP level 24. HP: 182/204 MP: 39/56
 13802 | D        | Reached skill level 5 in Polearms
 13802 | D        | Reached skill level 5 in Staves
 13802 | D        | Reached skill level 5 in Throwing
 13812 | D        | Noticed Bebres the pandemonium lord
 13814 | D        | Killed Bebres the pandemonium lord
 14693 | D        | Noticed Oriviq the pandemonium lord
 14697 | D        | Killed Oriviq the pandemonium lord
 14698 | D        | Reached skill level 10 in Polearms
 14698 | D        | Reached skill level 10 in Staves
 14698 | D        | Reached skill level 10 in Throwing
 14848 | D        | Noticed Piproc the pandemonium lord
 14850 | D        | Killed Piproc the pandemonium lord
 15084 | D        | Noticed Toxaazoe the pandemonium lord
 15085 | D        | Killed Toxaazoe the pandemonium lord
 15095 | D        | Escaped with the Orb!

Skill      XL: |  1  2  3  4  5  6  7  8  9 10 11 12 13 14 15 16 17 18 19 20 21 22 23 24 |
---------------+-------------------------------------------------------------------------+-----
Dodging        | 3 4 5 6 7 9 10 11 12 13 15 18 22 25 26 27 | 27.0
Spellcasting   | 3 4 5 8 9 12 13 15 17 18 21 26 27 | 27.0
Air Magic      | 4 5 6 9 10 12 13 14 15 19 27 | 27.0
Conjurations   | 2 3 5 6 8 9 11 13 17 19 21 27 | 27.0
Fighting       | 1 2 4 5 6 7 8 9 11 13 16 18 20 27 | 27.0
Evocations     | 8 9 12 18 22 25 27 | 27.0
Short Blades   | 2 5 7 12 27 | 27.0
Stealth        | 2 3 5 |  5.5
Fire Magic     | 1 17 24 27 | 27.0
Earth Magic    | 13 25 27 | 27.0
Ice Magic      | 10 16 20 22 23 27 | 27.0
Shields        | 5 11 15 27 | 27.0
Charms         | 4 6 8 15 18 | 18.9
Necromancy     | 4 12 16 18 19 22 24 | 24.2
Translocations | 13 21 27 | 27.0
Staves         | 4 13 | 13.0
Throwing       | 4 12 | 12.9
Polearms       | 4 12 | 12.2

Action                   |  1- 3 |  4- 6 |  7- 9 | 10-12 | 13-15 | 16-18 | 19-21 | 22-24 || total
-------------------------+-------+-------+-------+-------+-------+-------+-------+-------++-------
Melee: Rapier            |       |     5 |       |       |       |       |       |       ||     5
       Staff             |       |       |       |       |     2 |     2 |     2 |     3 ||     9
Throw: Tomahawk          |       |       |       |       |     1 |       |       |     2 ||     3
 Cast: Shock             |    15 |     8 |     7 |    13 |     3 |     2 |       |     2 ||    50
       Lightning Bolt    |       |       |     5 |    56 |    69 |    83 |    11 |    10 ||   234
       Airstrike         |       |       |       |    66 |    53 |    95 |    32 |    41 ||   287
       Ignition          |       |       |       |       |    91 |    35 |    52 |    31 ||   209
       Swiftness         |       |       |       |       |     9 |     3 |       |       ||    12
       Shatter           |       |       |       |       |       |    54 |    24 |    33 ||   111
       Regeneration      |       |       |       |       |       |     8 |     7 |    13 ||    28
       Death Channel     |       |       |       |       |       |     6 |     9 |     4 ||    19
       Chain Lightning   |       |       |       |       |       |     2 |     5 |       ||     7
       Icicle Burst      |       |       |       |       |       |       |    38 |   159 ||   197
       Controlled Blink  |       |       |       |       |       |       |     5 |    17 ||    22
Invok: Call Merchant     |       |       |       |     1 |     2 |     2 |    12 |     7 ||    24
       Potion Petition   |       |       |       |       |     3 |     2 |     1 |     4 ||    10
Evoke: Wand              |       |       |     1 |       |     9 |       |       |       ||    10
       Staff of power    |       |       |       |     4 |    42 |   135 |    27 |   315 ||   523
       Phantom mirror    |       |       |       |     1 |       |       |       |       ||     1
       Lightning rod     |       |       |       |       |    19 |     8 |     1 |       ||    28
       Sceptre of Asmode |       |       |       |       |       |       |       |     1 ||     1
  Use: Potion            |     1 |     2 |       |       |    13 |     1 |     7 |    12 ||    36
       Scroll            |       |       |     2 |       |     3 |     5 |     3 |       ||    13
 Stab: Sleeping          |       |     1 |       |       |       |       |       |       ||     1
  Eat: Ration            |       |       |     1 |     3 |     4 |     6 |     3 |    11 ||    28
Armor: Skin              |       |       |       |     1 |     3 |     7 |     9 |    10 ||    30
Dodge: Dodged            |     2 |    11 |     3 |    17 |    98 |    76 |    62 |    40 ||   309
Block: Other             |       |     2 |       |     5 |    28 |    27 |    10 |    22 ||    94
